 BcadrenCrawl: Boulder Brew version 0.05.4-70-gb0a8e951fc (webtiles) character file.

Game seed: 5806083110406573442, levelgen mode: deterministic

175 petercordia the Magician (level 5, -5/45 HPs) Immature Draconian Demonspawn. Began on June 8, 2022. Slain by a sewer rat (8 damage) ... on level 2 of the Dungeon. The game lasted 00:10:34 (1371 turns).

petercordia the Magician (DrDs)                     Turns: 1371, Time: 00:10:34

Health: -5/45      AC:  6    Str: 17    XL:     5 ^: 129
Magic:  10/10      EV: 12    Int: 13    God:
Gold:   73         SH:  0    Dex: 10    Spells: 4/10 levels left

rFire    . . .     Slash    +   a - +0 rapier
rCold    + . .     Pierce   x   (no weapon)
rNeg     . . .     Bludgeon .   (armour unavailable)
rCorr    . . .     Vision   .   (helmet restricted)
rPois    .         Gourm    .   (no cloak)
rElec    .         Faith    .   (no gloves)
MR       .....     Spirit   .   (no boots)
HPRegen  0.25/turn Reflect  .   (no amulet)
MPRegen  0.20/turn Harm     .   (no ring)
Stlth    +.........             (no ring)

@: short of breath, very slow
A: cold resistance 1, deformed body 2, powered by pain 2, cold-blooded, draconic
flesh, AC +6
a: Breathe Dart


You were on level 2 of the Dungeon.
You were very hungry.

You visited 1 branch of the dungeon, and saw 2 of its levels.

You collected 73 gold pieces.

Inventory:

Weapons
 a - a +0 rapier (weapon) Shields
 b - a +0 buckler
Jewellery
 d - a cursed amulet of faith {(Curse: MR-)}
 k - a cursed ring of wizardry {(Curse: rC-)}
Scrolls
 g - a scroll of fog
 j - a scroll of enchantment
 l - a scroll of teleportation
 m - a scroll of immolation
 n - 3 scrolls of torment
Potions
 e - a potion of ambrosia
 f - a potion of berserk rage
 h - a potion of curing
 i - a potion of might
Comestibles
 c - 3 rations


   Skills:
 - Level 3.0 Fighting
 - Level 1.5 Short Blades
 - Level 2.4 Dodging
 - Level 1.3 Stealth
 + Level 3.3 Spellcasting
 - Level 3.0 Fire Magic
   Level 3.0 Invocations


You had 4 spell levels left.
You knew the following spells:

 Your Spells              Type           Power        Failure   Level  Hunger
a - Flame Tongue Fire 10 (30) 6% 1 0-17 b - Slow Hex 2 (100) 22% 1 0-17 c - Blink Tloc N/A 32% 2 37-77 d - Call Imp Summ           2 (100)      32%         2    37-77

Your spell library contained the following spells:

 Spells                   Type           Power        Failure   Level  Hunger
 Conjure Flame Fire 10 (100) 19% 3 77-137 Mephitic Cloud Pois/Air       2 (100)      54%         3    77-137


Dungeon Overview and Level Annotations

Branches:
Dungeon (2/8)

Altars:


Innate Abilities, Weirdness & Mutations

Your plain brown scales are resilient. (AC +6)
You can breathe rudimentary magical darts.
You are cold resistant. (rC+)
You cannot wear any armour on your peculiar form.
You sometimes gain power by taking damage.
You are cold-blooded and are slowed more easily by cold attacks.
Your scales resist being cut, but it�s oddly easy to stick a small blade between them. (rSlashing+, rPiercing-)


Message History

Unknown command.
Unknown command.
Unknown command.
Unknown command.
Unknown command.
Char dumped successfully.
You barely miss the sewer rat. You hit the sewer rat but do no damage.
The sewer rat is heavily wounded. (5/10) HP The sewer rat barely misses you.
You hit the sewer rat but do no damage. x2
You tail-slap the sewer rat, but do no damage.
The sewer rat is heavily wounded. (5/10) HP The sewer rat barely misses you.
The sewer rat bites you (4).
You are is perforated ruthlessly!
* * * LOW HITPOINT WARNING * * *
You hit the sewer rat but do no damage. The sewer rat blocks your attack.
The sewer rat is heavily wounded. (5/10) HP The sewer rat bites you but does no damage.
The sewer rat bites you (8)!
You are is perforated ruthlessly!
You die...

#S......≈....
##............
#.≈...........
#≈............
#.....≈P.....
#.rl<# ##rr##
#r## #@# ###


You could see a cinder newt and 4 sewer rats.

Vanquished Creatures
  7 giant cockroaches (D:1)
  A worm (D:1)
  2 cinder newts (D:1)
  An ooze (D:1)
  2 dart slugs (D:1)
  3 leopard geckos (D:1)
  3 bats (D:1)
  5 goblins (D:1)
  11 hobgoblins (D:1)
  7 kobolds (D:1)
  3 rats (D:1)
45 creatures vanquished.

Notes
Turn   | Place    | Note
-------+----------+-------------------------------------------
     0 | D:1      | petercordia the Immature Draconian Demonspawn began the
                  | quest for the Orb.
     0 | D:1      | Reached XP level 1. HP: 16/16 MP: 3/3
     2 | D:1      | Learned a level 1 spell: Slow
   161 | D:1      | Gained mutation: You sometimes gain a little power by
                  | taking damage. [demonic ancestry]
   161 | D:1      | Reached XP level 2. HP: 23/23 MP: 1/5
   248 | D:1      | Gained mutation: You are cold resistant. (rC+) [demonic
                  | ancestry]
   248 | D:1      | Reached XP level 3. HP: 26/28 MP: 2/6
   379 | D:1      | Reached XP level 4. HP: 16/35 MP: 4/7
   388 | D:1      | Learned a level 2 spell: Blink
   391 | D:1      | Learned a level 2 spell: Call Imp
  1035 | D:1      | Gained mutation: You sometimes gain power by taking damage.
                  | [demonic ancestry]
  1035 | D:1      | Reached XP level 5. HP: 45/45 MP: 4/8
  1371 | D:2      | Slain by a sewer rat

Levels and vault maps discovered:
D:1:      dpeg_arrival_snail, layout_loops_ring, minmay_tromino_v4_b,
          gup_sewer_entry_spiral
D:2:      layout_sewer, serial_shops, shop, first_ration,
          mrwooster_statue_mirror

Skill      XL: |  1  2  3  4  5 |
---------------+----------------+-----
Spellcasting   | 2 3 |  3.3
Fire Magic     | 2 3 |  3.0
Fighting       | 3 |  3.0
Short Blades   | |  1.5
Dodging        | |  2.4
Stealth        | |  1.3
Invocations    | |  3.0

Action                   |  1- 3 |  4- 6 || total
-------------------------+-------+-------++-------
Melee: Rapier            |     9 |     9 ||    18
       Unarmed           |     7 |     9 ||    16
       Peck              |     2 |     2 ||     4
 Cast: Flame Tongue      |    25 |    22 ||    47
 Abil: Breathe Dart      |     3 |    11 ||    14
  Eat: Chunk             |       |     3 ||     3
Armor: Skin              |     9 |     2 ||    11
Dodge: Dodged            |     4 |     5 ||     9
